[Event "*** SCC Grand Prix: Titled Tuesday Blitz"]
[Site "Chess.com"]
[Date "2020.07.14"]
[Round "3"]
[White "eCztery"]
[Black "warmoatmeal"]
[Result "0-1"]
[WhiteElo "2434"]
[BlackElo "2314"]
[TimeControl "180+1"]
[EndTime "10:30:30 PDT"]
[Termination "warmoatmeal won by resignation"]

1. e4 c6 2. Nc3 d5 3. Nf3 dxe4 4. Nxe4 Nf6 5. Qe2 Nxe4 6. Qxe4 Qd5 7. Qxd5 cxd5 8. d4 Nc6 9. Bb5 Bd7 10. c3 e6 11. O-O a6 12. Ba4 Be7 13. Bf4 O-O 14.
Rfe1 Rfd8 15. Rad1 Rac8 16. Bc2 g6 17. h3 Be8 18.
Ne5 Nxe5 19. Bxe5 Bd6 20. Bf6 Rd7 21. g3 Be7 22. Be5 Bd6 23. a4 Bxe5 24. Rxe5 Rdc7 25. a5 Rc4 26. Bb3 Ba4 27. Bxc4 Bxd1 28. Bd3 Rb8 29. f4 h5 30. Re1 Ba4 31. g4 hxg4 32. hxg4 b6 33. axb6 Rxb6 34. b4 Rc6 35. Ra1 Bb5 36. Bxb5 axb5 37. Ra3 Kg7 38. Kf2 g5 39. fxg5 Kg6 40. Ra5 Rxc3 41. Rxb5 Rd3 42. Rb8 Rxd4 43. b5 Rxg4 44. b6 Rb4 45. b7 Kf5 46. Ke3 e5 47. Kd3 Rb3+ 48. Kc2 Rb6 49. Kc3 Ke4 50. Kc2 d4 51.
Kd2 Rb2+ 52. Kc1 Rb4 53. Kc2 Ke3 54. Re8 Rxb7 55. Rxe5+ Kf4 56. Rd5 Re7 57. Kd3 Re5 58.
Rd7 Rf5 59. Kxd4 Kxg5 60. Ke4 Rf1 61. Rd5+ f5+ 62. Ke3 Kg4 63. Ke2 Ra1 64. Kf2 Ra2+ 65. Kf1 f4 66. Rd1 Kf3 67. Kg1 Rc2 68. Rb1 Kg4 69. Rd1 Kg3 70. Rb1 f3 71. Rd1 Rg2+ 72. Kh1 Rh2+ 73. Kg1 f2+ 74. Kf1 Rh1+ 75. Ke2 Rxd1 0-1

[Event "*** SCC Grand Prix: Titled Tuesday Blitz"]
[Site "Chess.com"]
[Date "2020.07.14"]
[Round "3"]
[White "AryanTari"]
[Black "RobertoJBM"]
[Result "1/2-1/2"]
[WhiteElo "2873"]
[BlackElo "2629"]
[TimeControl "180+1"]
[EndTime "10:30:31 PDT"]
[Termination "Game drawn by stalemate"]

1. c4 c6 2. Nf3 d5 3. e3 Nf6 4. Nc3 a6 5. b3 Bf5 6. Bb2 h6 7. d4 e6 8. Bd3 Bxd3 9. Qxd3 Nbd7 10. O-O Bd6 11. e4 dxe4 12. Nxe4 Nxe4 13. Qxe4 O-O 14.
Rad1 Nf6 15. Qe2 Re8 16. h3 Qc7 17. Bc3 Rad8 18. Rfe1 b5 19. Qb2 b4 20. Bd2 c5 21.
dxc5 Bxc5 22. Bxh6 Rxd1 23. Rxd1 Rd8 24. Re1 Rd3 25.
Qe5 Qxe5 26. Nxe5 Rc3 27. Bd2 Rc2 28. Nd3 Rxd2 29. Nxc5 Rxa2 30. Rd1 a5 31. Rd8+ Kh7 32. Ra8 Ra3 33. g3 g5 34. Kg2 Kg6 35. g4 Nh7 36.
Ra6 Nf8 37. Kf3 Kf6 38. Ke4 Ng6 39. Nd3 Rxb3 40. Rxa5 Rc3 41. c5 Rc4+ 42. Ke3 Ne5 43. Nxe5 Kxe5 44. c6+ Kd6 45. Rxg5 Rxc6 46. Rb5 Rc3+ 47.
Kf4 Rxh3 48. Rxb4 f6 49. Rb6+ Kd5 50. Rb5+ Kc6 51. Rb1 Kd6 52. Re1 Ke7 53. Rd1 Ra3 54. f3 Kf7 55. Rd7+ Kg6 56. Kg3 e5 57. Re7 Rb3 58. Re8 Kf7 59. Rd8 e4 60. Kf4 exf3 61.
Kg3 Rc3 62. Rd4 Kg6 63. Rf4 Kg5 64. Rxf3 Rc5 65. Re3 Rc4 66. Ra3 Rxg4+ 67. Kf3 f5 68. Ra8 Kf6 69. Rf8+ Ke6 70. Re8+ Kf7 71. Re5 Kf6 72. Re8 Rb4 73. Rf8+ Ke6 74. Re8+ Kf7 75. Re5 Kf6 76. Re8 Rb7 77. Rf8+ Ke5 78. Re8+ Kf6 79.
Rf8+ Rf7 80. Rxf7+ Kxf7 81. Kf4 Kf6 82. Kf3 Kg5 83.
Kg3 f4+ 84. Kf3 Kf5 85. Kf2 Ke4 86. Ke2 f3+ 87. Kf2 Kf4 88. Kf1 Ke3 89. Ke1 f2+ 90. Kf1 Kf3 1/2-1/2

[Event "*** SCC Grand Prix: Titled Tuesday Blitz"]
[Site "Chess.com"]
[Date "2020.07.14"]
[Round "3"]
[White "alexsergeyev"]
[Black "verdest"]
[Result "1-0"]
[WhiteElo "2352"]
[BlackElo "2509"]
[TimeControl "180+1"]
[EndTime "10:30:33 PDT"]
[Termination "alexsergeyev won by checkmate"]

1. d4 Nf6 2. c4 c5 3. Nf3 cxd4 4.
Nxd4 e6 5. Nc3 Bb4 6. Qb3 Na6 7. a3 Bxc3+ 8. Qxc3 Nc5 9. b4 Nce4 10. Qc2 d5 11. e3 O-O 12. Bd3 b6 13. O-O Bb7 14.
f3 Nd6 15. cxd5 exd5 16. Bb2 Rc8 17. Qf2 Nc4 18. Rfe1 Re8 19. Rad1 Nxb2 20. Qxb2 Qe7 21. Nf5 Qe6 22. Qd4 h6 23. Ng3 Qe5 24. Nf5 Rcd8 25.
Ng3 Qxd4 26. exd4 Kf8 27. Kf2 Rxe1 28. Kxe1 Rc8 29. Kd2 Ne8 30. Nf5 h5 31. Re1 g6 32.
Ne3 Nd6 33. Rc1 Ke7 34. Rxc8 Nxc8 35. Kc3 Nd6 36. a4 a5 37. g3 Bc6 38. Bc2 g5 39. Bb3 Ke6 40. h4 gxh4 41. gxh4 Nf5 42. Nxf5 Kxf5 43.
b5 Bb7 44. Kd3 Kf4 45. Ke2 Kg3 46. Ke3 Kxh4 47. Kf4 f6 48. Bc2 Bc8 49. Bg6 Be6 50. Be8 Bg8 51. Bg6 Be6 52. Be8 Kh3 53. Bxh5 Kg2 54.
Bg4 Bf7 55. Kf5 Kf2 56. Kxf6 Bg8 57. Ke5 Ke3 58. f4 Kd3 59. f5 Kc4 60. f6 Kb4 61. Be6 Bxe6 62. Kxe6 Kxa4 63. f7 Kb3 64. f8=Q a4 65.
Qd6 a3 66. Qxd5+ Kb2 67. Qc6 a2 68. Qg2+ Kb1 69. Qxa2+ Kxa2 70. Kd6 Kb3 71. Kc6 Kb4 72. Kxb6 Kc4 73. Kc6 Kxd4 74. b6 Kc4 75. b7 Kb4 76. b8=Q+ Ka5 77. Qe5+ Ka4 78. Kc5 Ka3 79. Qc3+ Ka2 80.
Qb4 Ka1 81. Kc4 Ka2 82. Kc3 Ka1 83. Qb2# 1-0

[Event "*** SCC Grand Prix: Titled Tuesday Blitz"]
[Site "Chess.com"]
[Date "2020.07.14"]
[Round "3"]
[White "Harry_Rakkel"]
[Black "eightbyeightchess"]
[Result "0-1"]
[WhiteElo "2565"]
[BlackElo "2406"]
[TimeControl "180+1"]
[EndTime "10:30:38 PDT"]
[Termination "eightbyeightchess won by resignation"]

1. e4 d5 2. exd5 Nf6 3. d4 Bg4 4. Be2 Bxe2 5. Qxe2 Qxd5 6. Nf3 Nc6 7. c4 Qf5 8. O-O O-O-O 9. d5 Nb4 10. a3 Qd3 11.
Re1 Qxe2 12. Rxe2 Nd3 13. Nc3 Nd7 14. Be3 f6 15. Nb5 a6 16. Nbd4 Nb6 17. Ne6 Nxc4 18. Nxd8 Kxd8 19. b3 Nce5 20. Nd4 e6 21. Nxe6+ Kd7 22.
Rd1 g5 23. Nxf8+ Rxf8 24. Red2 Nf4 25. Bxf4 gxf4 26. f3 Kd6 27. Rd4 Ng6 28. Re4 Rf7 29.
Re6+ Kd7 30. Kf2 Ne5 31. g3 c6 32. gxf4 cxd5 33. f5 Ng6 34. Rxd5+ Kc7 35. Rd4 Ne7 36. Rf4 Nd5 37. Rc4+ Kb8 38. Rd4 Nc7 39. Re1 Nb5 40. Rd8+ Ka7 41. a4 Nc7 42. Rc8 Nd5 43. Rce8 Kb6 44. R1e4 Rc7 45. R8e6+ Ka7 46. Rc4 Rd7 47. Rd4 Nb6 48. Rxd7 Nxd7 49. Re7 Ne5 50. Rxh7 Nd3+ 51. Ke3 Nc5 52. b4 Nxa4 53. b5 axb5 54. Rf7 b4 55. Rxf6 b3 56. Rd6 b2 57. Rd1 Nc3 58. Rf1 b1=Q 59.
Rxb1 Nxb1 60. f6 Nc3 61. Kd4 Ne2+ 62. Ke5 Ng1 63. f4 Nf3+ 64. Kf5 Nd4+ 65. Ke5 Nc6+ 66. Kd6 Nd8 67. Ke7 Nc6+ 68. Ke6 b5 69. f7 Nd8+ 70. Ke7 Nxf7 71. Kxf7 b4 72. h4 b3 73. h5 b2 74.
h6 b1=Q 75. Kg7 Qb7+ 76. Kg6 Qe4+ 77. f5 Qg4+ 78. Kf6 Qh4+ 79. Kg6 Qd8 80. Kg7 Qe7+ 81. Kg6 Qf8 82. Kh7 Qxf5+ 83. Kg7 0-1

[Event "*** SCC Grand Prix: Titled Tuesday Blitz"]
[Site "Chess.com"]
[Date "2020.07.14"]
[Round "3"]
[White "Chessdreamer2020"]
[Black "Biranidun"]
[Result "0-1"]
[WhiteElo "2615"]
[BlackElo "2870"]
[TimeControl "180+1"]
[EndTime "10:30:40 PDT"]
[Termination "Biranidun won by checkmate"]

1. e4 c5 2. Nf3 d6 3. d4 cxd4 4. Qxd4 Nc6 5. Bb5 Bd7 6. Qd3 Nf6 7. O-O g6 8. h3 Bg7 9. c4 O-O 10. Nc3 a6 11. Bxc6 Bxc6 12. Be3 Nd7 13. Nd4 Nc5 14. Qc2 Ne6 15. Rfd1 Rc8 16. b3 b5 17. cxb5 axb5 18. f3 b4 19. Nce2 Bb5 20. Qd2 Bxe2 21. Qxe2 Nxd4 22. Bxd4 Bxd4+ 23. Rxd4 Qb6 24. Qf2 Rc2 25. Rd2 Qxf2+ 26. Rxf2 Rfc8 27. Rxc2 Rxc2 28. a3 bxa3 29. Rxa3 Kg7 30. Kh2 Kf6 31. Kg3 g5 32. Ra5 Rb2 33.
Rb5 e6 34. Kh2 h6 35. Kg3 Ke7 36. Rb7+ Kf6 37. Rb5 h5 38. h4 gxh4+ 39. Kh3 Kg6 40. Rb8 Kg5 41. b4 Kf4 42. b5 Rb1 43. Kh2 f5 44.
exf5 Kxf5 45. b6 d5 46. b7 Ke5 47. Rh8 Rxb7 48. Rxh5+ Kf4 49. Rxh4+ Ke3 50. Rh5 Kf4 51. Rh4+ Kg5 52. Rd4 Rb5 53. f4+ Kf5 54. Kh3 Rb3+ 55. g3 Rb1 56. g4+ Kf6 57. Kg3 Rb3+ 58. Kh4 Rc3 59.
Rd2 Rf3 60. Rd4 Rc3 61. f5 Ke5 62. Rd2 exf5 63. gxf5 Rf3 64. Kg4 Rf4+ 65. Kg3 Rxf5 66. Re2+ Kd4 67. Rd2+ Ke3 68. Ra2 Rg5+ 69. Kh4 Rg1 70. Ra3+ Ke4 71. Ra8 d4 72. Ra3 d3 73.
Kh3 d2 74. Ra4+ Ke3 75. Ra3+ Ke2 76. Ra2 Ke1 77. Rxd2 Kxd2 78. Kh2 Rg8 79. Kh3 Kc3 80. Kh4 Kb4 81. Kh5 Ka5 82. Kh6 Rg1 83. Kh7 Kb6 84.
Kh6 Kc7 85. Kh5 Kd6 86. Kh4 Ke5 87. Kh3 Kf4 88. Kh2 Rg3 89. Kh1 Kf3 90. Kh2 Kf2 91. Kh1 Rh3# 0-1

[Event "*** SCC Grand Prix: Titled Tuesday Blitz"]
[Site "Chess.com"]
[Date "2020.07.14"]
[Round "3"]
[White "Bastiandash"]
[Black "manitodeplomo"]
[Result "0-1"]
[WhiteElo "2320"]
[BlackElo "2515"]
[TimeControl "180+1"]
[EndTime "10:30:41 PDT"]
[Termination "manitodeplomo won on time"]

1. d4 g6 2. Nf3 Bg7 3. c3 c5 4. Bg5 Nf6 5. e3 O-O 6. Be2 Qc7 7. O-O d6 8. Nbd2 Nbd7 9. a4 b6 10. a5 Bb7 11. a6 Bc6 12. Qb3 Rab8 13. Bb5 h6 14.
Bh4 Rfc8 15. Rfe1 Bxb5 16. Qxb5 Qc6 17. c4 Kf8 18. Qxc6 Rxc6 19. d5 Rcc8 20. e4 g5 21. Bg3 Nh5 22. Ra2 b5 23. Kf1 Rc7 24. Ra5 bxc4 25.
Nxc4 Nxg3+ 26. hxg3 Rb4 27. Nfd2 Bxb2 28. Rb1 Bc3 29. Rb5 Rxb1+ 30. Rxb1 Bxd2 31. Nxd2 Nb6 32. Ke2 e6 33. dxe6 fxe6 34. Kd3 d5 35. exd5 exd5 36. Rh1 Kg7 37. Re1 Kf6 38. Re8 c4+ 39. Kc3 Na4+ 40.
Kd4 c3 41. Nb3 c2 42. Nc1 Nb6 43. Rf8+ Ke6 44. Rd8 Rc4+ 45. Kd3 Ra4 46. Kxc2 Rxa6 47. Rh8 Ra5 48. Rxh6+ Ke5 49. Rg6 Kf5 50. Rg8 Rc5+ 51. Kd2 Nc4+ 52. Ke2 Ne5 53. Nd3 Nxd3 54. Kxd3 Ra5 55.
Rf8+ Kg4 56. Rg8 Ra2 57. Kd4 Rxf2 58. Kxd5 Rxg2 59. Ke4 Rxg3 60. Ra8 Rf3 61. Rxa7 Rf4+ 62. Ke3 Rf1 63. Ke2 Rf8 64. Ke1 Kh4 65. Rh7+ Kg3 66. Rg7 g4 67. Ke2 Kh3 68. Ke1 g3 69. Ke2 Kg2 70. Ke1 Kh2 71. Rh7+ Kg1 72. Rg7 Re8+ 73. Kd2 g2 74. Kd3 Re5 75. Kd2 Rf5 76. Ke2 Re5+ 77. Kf3 Kf1 78. Rxg2 Rf5+ 79. Kg4 Rg5+ 0-1

[Event "*** SCC Grand Prix: Titled Tuesday Blitz"]
[Site "Chess.com"]
[Date "2020.07.14"]
[Round "3"]
[White "swayamsm"]
[Black "MIlorenzana271"]
[Result "1/2-1/2"]
[WhiteElo "2608"]
[BlackElo "2387"]
[TimeControl "180+1"]
[EndTime "10:30:43 PDT"]
[Termination "Game drawn by repetition"]

1. d4 Nf6 2. Nf3 g6 3. Bg5 Bg7 4. Nbd2 h6 5. Bxf6 Bxf6 6. c3 d5 7. e4 dxe4 8. Nxe4 Bg7 9. h4 Nd7 10. h5 g5 11. Bd3 Nf6 12. Ng3 e6 13. Ne5 Nd7 14. Nf3 b6 15. Be4 Rb8 16. Qa4 a6 17.
O-O O-O 18. Rfe1 Nf6 19. Bc6 b5 20. Qc2 Qd6 21. Ne5 Bb7 22. Bxb7 Rxb7 23. Rad1 Rbb8 24. Nd3 a5 25. Nc5 Rfd8 26. Re2 a4 27. Rde1 Re8 28. a3 c6 29. Re5 Qd8 30. R5e2 Nd5 31. Re4 Nf4 32.
Qd2 Qd5 33. Rxf4 gxf4 34. Qxf4 Qg5 35. Qf3 Rbc8 36. Nge4 Qe7 37. Qg3 Red8 38. Re3 Rd5 39. Qg4 f5 40. Qg6 fxe4 41. Rg3 Rg5 42. Rxg5 hxg5 43.
h6 Qf6 44. Qxg7+ Qxg7 45. hxg7 Kxg7 46. Nxe6+ Kf6 47. Nc5 Kf5 48. Kf1 Rh8 49. Kg1 g4 50.
g3 Rh3 51. Kg2 Rh7 52. Kg1 Re7 53. Kf1 e3 54. Ke2 exf2+ 55. Kxf2 Rh7 56. Kg2 Rh6 57. Kg1 Rh3 58. Kg2 Rh7 59. Kg1 Re7 60. Kf2 Kg5 61. Nd3 Re4 62. Nb4 Re6 63. Nd3 Kf5 64. Nc5 Re7 65.
Kf1 Re3 66. Kf2 Rf3+ 67. Kg2 Kf6 68. Ne4+ Ke6 69. Nc5+ Kd5 70. Nd7 Rf7 71. Ne5 Rg7 72.
Kf2 c5 73. Ke3 cxd4+ 74. cxd4 Rg8 75. Nd3 Re8+ 76. Ne5 Rxe5+ 77. dxe5 Kxe5 78. Kd3 Kd5 79. Ke3 Ke5 80. Kd3 Kd5 81. Ke3 Ke5 1/2-1/2

[Event "*** SCC Grand Prix: Titled Tuesday Blitz"]
[Site "Chess.com"]
[Date "2020.07.14"]
[Round "3"]
[White "malakismayil"]
[Black "PotapovaM"]
[Result "0-1"]
[WhiteElo "2250"]
[BlackElo "2486"]
[TimeControl "180+1"]
[EndTime "10:30:43 PDT"]
[Termination "PotapovaM won by resignation"]

1. e4 c5 2. Nf3 d6 3. d4 cxd4 4.
Nxd4 Nf6 5. Nc3 a6 6. Bc4 e6 7.
Be3 Be7 8. a3 O-O 9. O-O Qc7 10.
Bd3 Nc6 11. Nb3 Ne5 12. Qe2 b5 13. h3 Bb7 14. Nd2 Rac8 15. f4 Nxd3 16. cxd3 Rfd8 17. Nf3 Nd7 18. Rac1 Qb8 19. Nd4 Bf6 20. f5 e5 21.
Nf3 d5 22. exd5 Qd6 23. Ng5 Bxg5 24. Bxg5 f6 25. Be3 Nb6 26. Ne4 Qxd5 27. Bxb6 Re8 28.
Rfd1 Kh8 29. Qe3 Kg8 30. Rc5 Qd7 31. Rdc1 Bc6 32. Ba5 Kh8 33. R5c3 h6 34. Qf2 Kh7 35. Nc5 Qd5 36. Ne4 Qd7 37. Qc2 Qd4+ 38. Kh2 Bb7 39.
Qf2 Rxc3 40. Rxc3 Bxe4 41. Qxd4 exd4 42. Rc7 Bxf5 43. Rd7 Bxd3 44. Rxd4 Bc4 45. Bc3 Re2 46. Rd7 Kg8 47. Rd8+ Kf7 48. Rd7+ Kg6 49. Kg3 Bf7 50. Kf3 Re8 51. Rd6 h5 52. Rxa6 Bc4 53. Rd6 h4 54.
Bd4 Re2 55. Bc3 Rc2 56. Rd4 Bf1 57. Rg4+ Kf7 58. Bd4 g5 59. Bc3 Kg6 60. Rd4 Bxg2+ 61. Ke3 Bxh3 62. Rd6 Kg7 63. Rxf6 Rxc3+ 64. bxc3 Kxf6 65.
c4 bxc4 66. a4 Bd7 67. a5 Bb5 68. Kd4 h3 69. Kc5 h2 70. Kxb5 h1=Q 71. Kxc4 Qa8 72. Kb5 Kf5 0-1

[Event "*** SCC Grand Prix: Titled Tuesday Blitz"]
[Site "Chess.com"]
[Date "2020.07.14"]
[Round "3"]
[White "GGfrances"]
[Black "suyu28"]
[Result "1/2-1/2"]
[WhiteElo "2365"]
[BlackElo "2549"]
[TimeControl "180+1"]
[EndTime "10:30:59 PDT"]
[Termination "Game drawn by stalemate"]

1. e4 c6 2. d4 d5 3. e5 Bf5 4.
Nd2 e6 5. Nb3 c5 6. dxc5 Bxc5 7.
Nxc5 Qa5+ 8. c3 Qxc5 9. Nf3 Ne7 10. Qa4+ Nbc6 11. Be3 Qa5 12. Bb5 Qxa4 13. Bxa4 O-O 14.
Bc5 Rfc8 15. Nh4 Bd3 16. Kd2 Ba6 17. b4 b6 18. Bd6 Bb7 19. b5 Nxe5 20. Bxe7 Rc7 21. Bb4 d4 22. Bc2 dxc3+ 23. Ke3 Rc4 24. Be7 Ng4+ 25. Ke2 Re8 26. Rad1 Bd5 27. h3 Nxf2 28.
Kxf2 Rxe7 29. Nf3 Rb4 30. Bb3 Rxb5 31. Rhe1 Rd7 32. Bxd5 Rbxd5 33. Rxd5 Rxd5 34. Rc1 Ra5 35. Rxc3 Rxa2+ 36. Kg3 f6 37. Rc7 Ra3 38. Kf2 a5 39. Nd4 Ra2+ 40. Kg3 a4 41. Nxe6 a3 42. Rxg7+ Kh8 43.
Rb7 h5 44. Rxb6 Rb2 45. Ra6 a2 46. Kh4 Rxg2 47. Kxh5 Kg8 48. h4 Kf7 49. Nf4 Rf2 50.
Nd3 Rg2 51. Nb4 Rb2 52. Nxa2 f5 53. Nc3 f4 54. Ne4 f3 55. Rf6+ Kg7 56. Rxf3 Rb5+ 57.
Ng5 Rb4 58. Rf7+ Kg8 59. Ra7 Rb6 60. Kg4 Rb4+ 61. Kh5 Rb6 62. Ra4 Rb1 63. Re4 Rc1 64. Kg6 Rc6+ 65. Re6 Rc8 66. h5 Kh8 67. h6 Rg8+ 68.
Kh5 Rf8 69. Re7 Rb8 70. Kg6 Rg8+ 71. Rg7 Rxg7+ 72. hxg7+ Kg8 73. Kf6 1/2-1/2

[Event "*** SCC Grand Prix: Titled Tuesday Blitz"]
[Site "Chess.com"]
[Date "2020.07.14"]
[Round "3"]
[White "AttilaTurzo"]
[Black "AttackSparrow"]
[Result "1/2-1/2"]
[WhiteElo "2494"]
[BlackElo "2313"]
[TimeControl "180+1"]
[EndTime "10:31:01 PDT"]
[Termination "Game drawn by repetition"]

1. e4 c5 2. Nf3 e6 3. d4 cxd4 4. Nxd4 Nc6 5. Nb5 d6 6. c4 Nf6 7. N1c3 a6 8. Na3 Be7 9. Be2 O-O 10. O-O b6 11. Be3 Bb7 12. Qb3 Nd7 13. Rfd1 Nc5 14.
Qc2 Rc8 15. Rac1 Qc7 16. Qd2 Qb8 17. Nc2 Rfd8 18. f3 Ne5 19. Bf1 Rd7 20. b4 Nxc4 21.
Bxc4 Nxe4 22. Nxe4 Rxc4 23. Nd4 Rxc1 24. Rxc1 d5 25. Ng3 Bd6 26. f4 Rc7 27. a3 Qc8 28. Rxc7 Qxc7 29. Qc1 Qd7 30. Nge2 f6 31. Nf3 e5 32. fxe5 fxe5 33. Bxb6 Qb5 34. Qe3 d4 35. Bxd4 exd4 36. Nexd4 Qd7 37. Qe6+ Qxe6 38. Nxe6 a5 39. Nc5 Bd5 40. Nd4 axb4 41. axb4 Bc4 42. g3 Kf7 43. Kf2 h5 44. Ke3 h4 45. Nf5 Bxc5+ 46. bxc5 hxg3 47. hxg3 Bd5 48. Nd4 Kf6 49. Kf4 g5+ 50. Kg4 Ke5 51.
Nb5 Kf6 52. Na7 Be6+ 53. Kh5 Bf7+ 54. Kg4 Be6+ 55. Kf3 Ke5 56. c6 Kd6 57. Ke4 Bh3 58.
Kd4 Bg2 59. Nc8+ Kxc6 60. Ke5 Kd7 61. Nb6+ Ke7 62. Kf5 Kd6 63. Kxg5 Bf1 64. Kf6 Be2 65. Nc8+ Kd7 66. Ne7 Bd1 67. Nf5 Ke8 68. Ne3 Be2 69. Ke5 Kf8 70. Nf5 Kg8 71. Kf6 Bd1 72.
Kg5 Be2 73. Nh4 Bd1 74. Kf4 Be2 75. Nf3 Kg7 76. Nd4 Bd1 77. Kg5 Kg8 78. Nf5 Be2 79.
Nd4 Bd1 80. Kf6 Kf8 81. Nf5 Be2 82. Ne3 Kg8 83. Ng2 Bd1 84. Nh4 Be2 85. Kg5 Bd1 86.
Kf4 Kg7 87. Nf3 Kf6 88. g4 Bxf3 89. Kxf3 Kg5 90. Kg3 Kg6 91. Kf4 Kf6 92. Ke4 Kg5 93.
Kf3 Kg6 94. Kg3 Kg5 95. Kh3 Kg6 96. Kh4 Kh6 97. g5+ Kg6 98. Kg4 Kg7 99. Kf5 Kf7 100. g6+ Kg7 101. Kg5 Kg8 102. Kh5 Kg7 103. Kg5 Kg8 104. Kf5 Kg7 105. Kg5 1/2-1/2

[Event "*** SCC Grand Prix: Titled Tuesday Blitz"]
[Site "Chess.com"]
[Date "2020.07.14"]
[Round "3"]
[White "Ty3oB"]
[Black "dennisodessa"]
[Result "1/2-1/2"]
[WhiteElo "2172"]
[BlackElo "2452"]
[TimeControl "180+1"]
[EndTime "10:31:09 PDT"]
[Termination "Game drawn by repetition"]

1. d4 e6 2. Nf3 Nf6 3. c4 Bb4+ 4. Bd2 a5 5. Nc3 b6 6. g3 Bb7 7. Bg2 O-O 8. O-O d6 9. b3 Nbd7 10. a3 Bxc3 11. Bxc3 Qc8 12. b4 axb4 13. axb4 Rxa1 14. Qxa1 Qa8 15. Qb2 Be4 16. Ne1 Bxg2 17. Nxg2 Qc6 18. Qb3 Ra8 19. Ra1 Ne4 20. Rxa8+ Qxa8 21. Bb2 Qa6 22. Ne3 c6 23. f3 Nef6 24. b5 cxb5 25. Qxb5 Qxb5 26. cxb5 d5 27. Ba3 Ne8 28. Nd1 f6 29.
Nc3 Kf7 30. Kf2 Nc7 31. Bd6 Ne8 32. Ba3 f5 33. Ke3 g6 34. Kd3 Nef6 35. Bd6 Ke8 36. Bc7 Ke7 37. e4 fxe4+ 38. fxe4 Ne8 39. Bf4 Ndf6 40. exd5 Nxd5 41. Nxd5+ exd5 42. Kc3 Ke6 43. g4 Kd7 44. h3 Ng7 45. Be5 Ne6 46. Bf6 Nf4 47. h4 Ng2 48. h5 Nf4 49. hxg6 hxg6 50. Kd2 Ne6 51. Be5 Ke8 52. Ke3 Kd7 53. Kf3 Ke8 54. Kg3 Kd8 55. Kh4 Kd7 56. Kg3 Ke7 57. Kf3 Kd7 58. Ke3 Ke8 59. Kf3 Kd8 60. Ke3 Kc8 61. Kf3 Kd7 62. Ke3 Ke7 63. Kf3 g5 64. Ke3 Kd7 65. Bf6 Kd6 66. Be5+ Ke7 67. Kd3 Kd7 68. Bf6 Nf4+ 69. Ke3 Ne6 70. Kf3 Ke8 71.
Ke3 Kf7 72. Be5 Kg6 73. Kd3 Kh7 74. Ke3 Kg8 75. Bd6 Kf7 76. Be5 Ke8 77. Kf3 Kd7 78.
Ke3 Nc7 79. Bxc7 Kxc7 80. Kd3 Kd7 81. Ke3 Ke6 82. Kd3 Kf7 83. Ke3 Kg6 84. Kd3 Kf6 85.
Ke3 Ke6 86. Kd3 Kd6 87. Ke3 Kc7 88. Kd3 Kb7 89. Ke3 Ka7 90. Kd3 Ka8 91. Ke3 Kb8 92. Kd3 Kc8 93. Ke3 Kd8 94. Kd3 Ke8 95. Ke3 Kf8 96. Kd3 Kg8 97. Ke3 Kh8 98. Kd3 Kh7 99. Ke3 Kh6 100. Kd3 Kg6 101. Ke3 Kf6 102. Kd3 Ke6 103. Ke3 Kd6 104. Kd3 Kc7 105. Ke3 Kb7 106. Kd3 Ka8 107. Ke3 Kb7 108. Kd3 Ka8 1/2-1/2

[Event "*** SCC Grand Prix: Titled Tuesday Blitz"]
[Site "Chess.com"]
[Date "2020.07.14"]
[Round "3"]
[White "doons21"]
[Black "Batica1984"]
[Result "1-0"]
[WhiteElo "2641"]
[BlackElo "2866"]
[TimeControl "180+1"]
[EndTime "10:31:14 PDT"]
[Termination "doons21 won by checkmate"]

1. e4 c5 2. c3 b6 3. d4 Bb7 4. Bd3 Nf6 5. Qe2 cxd4 6. Nf3 dxc3 7. Nxc3 e6 8. O-O Be7 9. Rd1 O-O 10. e5 Nd5 11. Qe4 g6 12. Qg4 Nxc3 13. bxc3 Bxf3 14.
Qxf3 Nc6 15. Bh6 Nxe5 16. Qg3 Nxd3 17. Bxf8 Qxf8 18. Rxd3 d5 19. h4 Rc8 20. h5 Bf6 21.
hxg6 hxg6 22. Re1 Rc4 23. Rf3 Kg7 24. Ree3 Qa3 25. Rf4 Rxc3 26. Qf3 Rxe3 27. fxe3 Qe7 28. g4 Be5 29. Ra4 a5 30. Qe2 Qc5 31. Kg2 Qc6 32. Ra3 Bd6 33. Rd3 b5 34. Qd2 Qc4 35. Qc3+ Qxc3 36.
Rxc3 a4 37. Rc6 Be7 38. Ra6 Kf6 39. Ra5 b4 40. Rxa4 Bc5 41. Kf3 Ke5 42. Ra6 f5 43.
gxf5 gxf5 44. Rc6 Be7 45. Rc7 Bd6 46. Rc6 Bf8 47. Ke2 Bh6 48. Kd3 f4 49. exf4+ Bxf4 50. Rb6 Bh6 51. Rxb4 Bf8 52. Rh4 Kd6 53. a4 Kc5 54. Rh8 Bd6 55. Rc8+ Kb4 56. Rc6 Bc5 57. Rxe6 Kxa4 58. Re5 Kb5 59. Rxd5 Kc6 60. Rf5 Bb6 61. Kc4 Kb7 62. Rf6 Be3 63. Kb5 Ka8 64. Rf7 Ba7 65. Kc6 Bb8 66. Rg7 Bf4 67. Kb5 Bb8 68. Ka6 Be5 69. Re7 Bd6 70. Rd7 Bb8 71. Re7 Bd6 72. Ra7+ Kb8 73. Rd7 Be5 74. Kb6 Ka8 75.
Ra7+ Kb8 76. Re7 Bd4+ 77. Kc6 Ka8 78. Rd7 Be5 79. Kb6 Bb8 80. Rf7 Be5 81. Ra7+ Kb8 82. Rd7 Kc8 83. Rd5 Bc7+ 84. Kc6 Bd8 85. Rd7 Bg5 86. Rg7 Bd8 87. Rg8 Kb8 88. Rxd8+ Ka7 89. Rc8 Ka6 90. Ra8# 1-0

[Event "*** SCC Grand Prix: Titled Tuesday Blitz"]
[Site "Chess.com"]
[Date "2020.07.14"]
[Round "3"]
[White "XiaoKangZhong"]
[Black "anon132639"]
[Result "1-0"]
[WhiteElo "2437"]
[BlackElo "2684"]
[TimeControl "180+1"]
[EndTime "10:31:48 PDT"]
[Termination "XiaoKangZhong won by resignation"]

1. e4 c5 2. c3 d5 3. exd5 Qxd5 4. d4 Nc6 5. Nf3 e6 6. Be3 cxd4 7. cxd4 Nf6 8. Nc3 Qd6 9. Be2 Be7 10. O-O O-O 11. Rc1 Rd8 12. Qa4 Bd7 13. Rfd1 Be8 14. Qc2 Rac8 15. a3 a6 16. Ne4 Nxe4 17. Qxe4 Bf6 18.
Bf4 Qd5 19. Qxd5 Rxd5 20. Bc4 Rdd8 21. Be5 Nxe5 22. dxe5 Rxc4 23. exf6 Rxc1 24. Rxc1 gxf6 25. Kf1 Bc6 26. Ke2 Kf8 27. Rc5 Bxf3+ 28. gxf3 Rd5 29.
Rc7 Rb5 30. b4 a5 31. bxa5 Rxa5 32. Rxb7 Rxa3 33. Rb4 f5 34. Rh4 Kg7 35. Rh3 Kg6 36.
Kf1 h5 37. Rg3+ Kh6 38. Kg2 Ra8 39. Kh3 e5 40. Rg1 Ra3 41. Kg2 Kg5 42. Rb1 f6 43. Rb4 h4 44. h3 Rd3 45. Rc4 Rd4 46. Rc5 Ra4 47. Rc8 e4 48. fxe4 fxe4 49. Rg8+ Kf5 50.
Rg4 Ra2 51. Kg1 Ke5 52. Rxh4 f5 53. Rh8 Kf4 54. Rg8 Ra1+ 55. Kg2 Ra2 56. Rg3 Ra6 57. Kf1 Rh6 58. Kg2 Ke5 59. Rb3 Rg6+ 60. Kh2 Kf4 61. Rc3 Rd6 62. Kg2 Rd2 63. Rg3 Ra2 64. Rb3 Rd2 65. Rc3 Rd3 66. Rc8 Ra3 67. Rc7 Ke5 68. Re7+ Kf6 69. Re8 Ra2 70. Kg1 Kg5 71. Kg2 Rd2 72.
Re7 Kf4 73. Re8 Re2 74. Re7 Kg5 75. Rg7+ Kf6 76. Rg8 f4 77. Rf8+ Kg5 78. Rg8+ Kh5 79. Rh8+ Kg6 80. Rg8+ Kf7 81. Rg4 f3+ 82. Kg3 Ke6 83.
Rg6+ Ke5 84. Ra6 Re1 85. Ra5+ Kd4 86. Ra4+ Kd3 87. Ra3+ Ke2 88. Re3+ Kf1 89. Ra3 Kg1 90. h4 e3 91. Ra2 e2 92. Kxf3 Kf1 93. h5 Rb1 94.
Rxe2 Rb5 95. Re4 Rxh5 96. Kg4 Rh8 97. f4 Kf2 98. f5 Rg8+ 99. Kf4 Rf8 100. Ra4 Kg2 101.
Ra3 Rf7 102. Ke5 Re7+ 103. Kf6 Rb7 104. Kg6 Rb6+ 105. f6 Rb4 106. Kg7 Rg4+ 107. Kf8 Rg3 108. Rxg3+ Kxg3 109. f7 Kf4 110. Ke7 Kf5 111. f8=Q+ 1-0

[Event "*** SCC Grand Prix: Titled Tuesday Blitz"]
[Site "Chess.com"]
[Date "2020.07.14"]
[Round "3"]
[White "WildTricks"]
[Black "MF1966Idrisov"]
[Result "1-0"]
[WhiteElo "2511"]
[BlackElo "2312"]
[TimeControl "180+1"]
[EndTime "10:31:49 PDT"]
[Termination "WildTricks won by checkmate"]

1. e4 d6 2. d4 Nd7 3. Nc3 e5 4.
Nf3 Ngf6 5. Bc4 c6 6. O-O Be7 7. a4 O-O 8. Re1 Qc7 9. a5 Re8 10. h3 Nf8 11. Ng5 Ne6 12. Nxe6 Bxe6 13. Bxe6 fxe6 14. dxe5 dxe5 15. Qe2 Bc5 16. Be3 Qe7 17. Qc4 Bxe3 18. Rxe3 Red8 19. a6 Rd4 20. axb7 Rb8 21. Qxc6 Rxb7 22. b3 Rd6 23. Qa4 h6 24. Rae1 Kh7 25.
g3 Rd4 26. Qa1 Qc5 27. Kg2 Rd2 28. Qc1 Rbd7 29. R1e2 R2d4 30. Qe1 Qc6 31. Na4 Rd1 32. Qc3 Qd6 33. Qb2 Rc7 34. c4 Qd4 35. Qc2 Ra1 36. Rd3 Rc1 37. Rxd4 Rxc2 38. Rxc2 exd4 39. f3 e5 40. Rd2 Rb7 41. Rd3 Nd7 42. f4 Kg6 43. fxe5 Nxe5 44. Rxd4 Rxb3 45. Rd5 Nxc4 46. Rc5 Ne3+ 47.
Kf2 Nd1+ 48. Ke2 Nb2 49. Nxb2 Rxb2+ 50. Kf3 Ra2 51. Kg4 a5 52. Rc6+ Kf7 53. Kf5 Rf2+ 54. Ke5 a4 55. Ra6 Ra2 56. Kf5 a3 57. Ra7+ Kf8 58.
Kg6 Rg2 59. Rxa3 h5 60. Kxh5 Kf7 61. Kg4 Rg1 62. Ra7+ Kg6 63. Ra6+ Kh7 64. Kh4 Re1 65. Re6 Re3 66. g4 g6 67. Re7+ Kg8 68. Kg5 Kf8 69. Re6 Rxh3 70. Kxg6 Rg3 71. g5 Rg1 72. Re5 Rg2 73.
Rf5+ Ke7 74. Rd5 Ke6 75. Rf5 Rg4 76. Rf6+ Ke7 77. e5 Rh4 78. e6 Rh3 79. Kg7 Rh1 80. g6 Rg1 81. Rf7+ Ke8 82. Rf3 Ke7 83. Kh7 Rh1+ 84.
Kg8 Rg1 85. g7 Ke8 86. e7 Kxe7 87. Re3+ Kf6 88. Kf8 Rxg7 89. Rf3+ Ke6 90. Kxg7 Ke5 91. Rf6 Kd5 92. Kg6 Ke5 93. Rf5+ Ke6 94. Kg5 Kd6 95. Rf4 Ke6 96. Kg4 Ke5 97. Kf3 Kd5 98.
Ke3 Ke5 99. Re4+ Kf5 100. Kd3 Kf6 101. Kd4 Kf5 102. Kd5 Kf6 103. Re5 Kg6 104. Ke6 Kg7 105. Rg5+ Kh6 106. Rg2 Kh5 107. Kf6 Kh4 108. Kf5 Kh3 109. Rg8 Kh4 110. Rg7 Kh3 111. Kf4 Kh4 112. Rh7# 1-0